details: 'stacker's hackers 2'

« prev index next »

General information

Mini Map

Players

team 1
UndeadKK_KK (orange | 44 APM | 1610 actions | 36:45)
Hero icon 3 Death Knight
Ability icon 1 Death Coil
Ability icon 2 Unholy Aura

» actions
Assign group hotkey22
Basic commands50
Build / train85
Enter build submenu20
Enter hero's abilities submenu3
Remove unit from queue4
Right click888
Select / deselect416
Select group hotkey83
Use ability39
1610 total
» units
Acolyte18
Ghoul6
Crypt Fiend19
Gargoyle13
56 total
» upgrades
Creature Attack3
Creature Carapace3
Web1
Unholy Strength1
Unholy Armor1
9 total
» buildings
Altar of Darkness1
Ziggurat10
Crypt2
Graveyard1
Spirit Tower10
Halls of the Dead1
Black Citadel1
Sacrificial Pit1
27 total
» build order
00:09 Altar of Darkness
00:12 Ziggurat
00:38 Crypt
01:25 Ziggurat
02:20 Graveyard
03:48 Spirit Tower
04:52 Ziggurat
05:40 Crypt
05:46 Ziggurat
05:51 Spirit Tower
06:48 Ziggurat
07:27 Halls of the Dead
08:27 Ziggurat
09:31 Spirit Tower
11:09 Spirit Tower
12:55 Ziggurat
13:56 Spirit Tower
14:07 Spirit Tower
14:09 Spirit Tower
16:45 Black Citadel
21:05 Ziggurat
21:59 Spirit Tower
22:23 Sacrificial Pit
25:32 Ziggurat
26:28 Spirit Tower
33:07 Ziggurat
34:02 Spirit Tower
team 2
Orcflahs (teal | 120 APM | 4425 actions | 36:47)
Hero icon 5 Blademaster
Ability icon 3 Wind Walk
Ability icon 2 Critical Strike
Hero icon 4 Shadow Hunter
Ability icon 2 Hex
Ability icon 2 Healing Wave

» actions
Assign group hotkey41
Basic commands472
Build / train84
ESC pressed1
Enter build submenu24
Enter hero's abilities submenu9
Give item / drop item4
Remove unit from queue1
Right click1058
Select / deselect323
Select group hotkey2259
Use ability146
4425 total
» units
Peon11
Grunt4
Wind Rider7
Kodo Beast4
Troll Batrider8
Troll Witch Doctor3
Demolisher2
39 total
» upgrades
Berserker Strength1
Envenomed Spears1
Armor3
Reinforced Defenses1
War Drums Damage Increase1
Witch Doctor Training2
Ranged Weapons3
Burning Oil1
Troll Regeneration0
13 total
» buildings
Altar of Storms1
Orc Burrow8
Barracks2
Voodoo Lounge1
Stronghold2
War Mill1
Beastiary2
Fortress1
Great Hall4
Watch Tower7
Spirit Lodge1
30 total
» build order
00:07 Altar of Storms
00:21 Orc Burrow
00:35 Barracks
01:33 Orc Burrow
02:21 Voodoo Lounge
03:03 Stronghold
03:03 Stronghold
03:33 Orc Burrow
04:17 War Mill
04:56 Orc Burrow
05:37 Beastiary
05:41 Beastiary
09:10 Orc Burrow
09:46 Orc Burrow
10:21 Fortress
12:32 Great Hall
15:59 Great Hall
16:42 Great Hall
20:55 Watch Tower
22:29 Watch Tower
26:42 Great Hall
26:48 Spirit Lodge
27:41 Watch Tower
27:42 Watch Tower
27:43 Watch Tower
27:44 Watch Tower
34:35 Barracks
35:42 Orc Burrow
36:09 Orc Burrow
36:33 Watch Tower
» items
Healing Salve3
Lesser Clarity Potion6
Scroll of Speed1
Boots of Speed1
Potion of Healing1
Orb of Lightning1
Potion of Lesser Invulnerability1
Dust of Appearance1
15 total